[ AOE2 MATCH · #506679520 ]
UnrankedHuns vs Aztecs
Player's team · WIN
Rival team · LOSS
[ REPLAY ANALYSIS · EXTRACTED FROM THE RECORDED GAME ]
Feudal
10:01
Castle
22:56
Imperial
—
| APM avg | 79.2 |
| APM peak | 116 |
| eAPM avg | 33.2 |
| Villagers / military | 60 / 88 |
Focus
⚔️ 42.7% · 🌾 57.3%
Archer ×37 · Knight ×26 · Mangonel ×6 · Militia ×5 · Skirmisher ×5 · Battering Ram ×4
Feudal
9:13
Castle
31:31
Imperial
—
| APM avg | 72.2 |
| APM peak | 120 |
| eAPM avg | 32.6 |
| Villagers / military | 35 / 56 |
Focus
⚔️ 37.9% · 🌾 62.1%
Archer ×21 · Skirmisher ×13 · Spearman ×10 · Eagle Scout ×9 · Militia ×3
Match map
Initial resources + every placement click. Lines = walls · curves = elevation contours. ◆ gold · ⬟ stone · ● berries · ✦ relic · ◌ wall gap
Your base· Open — opponent sealed themselves in
Philippvs II's base· ✓ Closed at 31:31 · 62t walls · 3 gate(s)
Smoothed initial terrain · ◌ = detected wall gap · hover for details
Inputs per minute
— Pedro - - Philippvs II
Build order — Pedro
First 150 of 226 actions detected
| 0:00 | Create | Villager (Male) |
| 0:00 | Create | Villager (Male) |
| 0:01 | Create | Villager (Male) |
| 0:01 | Create | Villager (Male) |
| 0:01 | Create | Villager (Male) |
| 1:21 | Create | Villager (Male) |
| 1:50 | Build | Lumber Camp |
| 1:55 | Create | Villager (Male) |
| 2:06 | Create | Villager (Male) |
| 2:39 | Create | Villager (Male) |
| 2:58 | Create | Villager (Male) |
| 3:31 | Create | Villager (Male) |
| 3:43 | Create | Villager (Male) |
| 4:14 | Create | Villager (Male) |
| 4:35 | Create | Villager (Male) |
| 4:48 | Build | Barracks |
| 4:59 | Create | Villager (Male) |
| 5:13 | Create | Villager (Male) |
| 5:44 | Create | Militia |
| 5:45 | Create | Militia |
| 6:01 | Build | Mill |
| 6:06 | Create | Militia |
| 6:07 | Create | Militia |
| 6:10 | Create | Villager (Male) |
| 6:24 | Create | Villager (Male) |
| 6:27 | Create | Militia |
| 6:52 | Research | Loom |
| 7:51 | Research | Feudal Age |
| 7:51 | Research | Feudal Age |
| 8:22 | Build | Mining Camp |
| 8:29 | Build | Lumber Camp |
| 8:57 | Create | Villager (Male) |
| 10:01 | Age | Feudal Age |
| 10:06 | Build | Archery Range |
| 10:12 | Research | Man-at-Arms (upgrade) |
| 10:12 | Research | Man-at-Arms (upgrade) |
| 10:13 | Research | Double-Bit Axe |
| 10:13 | Research | Double-Bit Axe |
| 10:13 | Create | Villager (Male) |
| 10:20 | Create | Villager (Male) |
| 10:45 | Build | Archery Range |
| 11:00 | Create | Archer |
| 11:00 | Create | Archer |
| 11:07 | Build | Watch Tower |
| 11:10 | Create | Skirmisher |
| 11:23 | Create | Villager (Male) |
| 11:39 | Create | Archer |
| 11:40 | Create | Archer |
| 11:57 | Create | Villager (Male) |
| 12:07 | Create | Archer |
| 12:07 | Create | Archer |
| 12:10 | Build | Farm |
| 12:23 | Create | Archer |
| 12:24 | Create | Archer |
| 12:35 | Build | Palisade Wall |
| 12:36 | Build | Palisade Wall |
| 12:42 | Build | Farm |
| 12:57 | Create | Archer |
| 13:00 | Build | Palisade Wall |
| 13:10 | Create | Villager (Male) |
| 13:12 | Build | Farm |
| 13:12 | Create | Archer |
| 13:13 | Create | Archer |
| 13:45 | Create | Villager (Male) |
| 13:45 | Create | Archer |
| 13:45 | Create | Archer |
| 13:48 | Build | Blacksmith |
| 13:53 | Build | Farm |
| 13:54 | Build | Farm |
| 14:03 | Create | Archer |
| 14:03 | Create | Archer |
| 14:08 | Create | Archer |
| 14:08 | Create | Archer |
| 14:27 | Build | Farm |
| 14:28 | Build | Farm |
| 14:32 | Create | Archer |
| 14:32 | Create | Archer |
| 14:37 | Build | Farm |
| 14:50 | Research | Fletching |
| 14:50 | Research | Fletching |
| 14:59 | Create | Archer |
| 14:59 | Create | Archer |
| 15:01 | Build | Farm |
| 15:17 | Create | Archer |
| 15:17 | Create | Archer |
| 15:38 | Create | Skirmisher |
| 15:38 | Create | Skirmisher |
| 15:47 | Create | Archer |
| 15:48 | Create | Skirmisher |
| 15:48 | Create | Skirmisher |
| 16:06 | Create | Villager (Male) |
| 16:08 | Create | Archer |
| 16:08 | Create | Archer |
| 16:32 | Build | Mining Camp |
| 16:36 | Build | Mining Camp |
| 16:40 | Create | Archer |
| 16:40 | Create | Villager (Male) |
| 16:41 | Create | Villager (Male) |
| 16:53 | Create | Villager (Male) |
| 17:03 | Create | Villager (Male) |
| 17:05 | Create | Archer |
| 17:05 | Create | Archer |
| 17:09 | Create | Villager (Male) |
| 17:09 | Create | Villager (Male) |
| 17:12 | Build | Farm |
| 17:27 | Create | Archer |
| 17:28 | Create | Villager (Male) |
| 17:28 | Create | Villager (Male) |
| 17:28 | Create | Villager (Male) |
| 17:31 | Build | Farm |
| 17:47 | Create | Archer |
| 17:47 | Create | Villager (Male) |
| 17:49 | Build | Farm |
| 17:53 | Create | Villager (Male) |
| 17:54 | Create | Villager (Male) |
| 17:56 | Create | Villager (Male) |
| 18:13 | Create | Villager (Male) |
| 18:16 | Build | Farm |
| 18:27 | Create | Archer |
| 18:27 | Create | Archer |
| 18:27 | Create | Villager (Male) |
| 18:30 | Create | Villager (Male) |
| 18:41 | Create | Archer |
| 18:41 | Create | Archer |
| 18:55 | Build | Farm |
| 19:05 | Create | Villager (Male) |
| 19:21 | Build | Market |
| 19:54 | Build | Farm |
| 20:16 | Research | Castle Age |
| 20:16 | Research | Castle Age |
| 20:33 | Create | Archer |
| 20:33 | Create | Archer |
| 20:37 | Build | Farm |
| 20:38 | Build | Farm |
| 21:07 | Build | Stable |
| 21:13 | Research | Scale Barding Armor |
| 21:56 | Build | Stable |
| 22:16 | Research | Bloodlines |
| 22:16 | Research | Bloodlines |
| 22:17 | Research | Forging |
| 22:17 | Research | Forging |
| 22:24 | Create | Villager (Male) |
| 22:26 | Build | Lumber Camp |
| 22:56 | Age | Castle Age |
| 23:01 | Create | Knight |
| 23:01 | Create | Knight |
| 23:02 | Create | Knight |
| 23:12 | Create | Villager (Male) |
| 23:16 | Build | Siege Workshop |
| 23:36 | Create | Villager (Male) |
Build order — Philippvs II
First 150 of 174 actions detected
| 0:01 | Create | Villager (Male) |
| 0:02 | Build | House |
| 0:04 | Build | House |
| 0:22 | Create | Villager (Male) |
| 0:22 | Create | Villager (Male) |
| 0:30 | Create | Villager (Male) |
| 0:30 | Create | Villager (Male) |
| 0:59 | Research | Loom |
| 1:56 | Create | Villager (Male) |
| 1:58 | Create | Villager (Male) |
| 2:24 | Create | Villager (Male) |
| 2:25 | Create | Villager (Male) |
| 2:29 | Build | Mill |
| 2:46 | Create | Villager (Male) |
| 3:15 | Build | House |
| 3:19 | Create | Villager (Male) |
| 3:50 | Create | Villager (Male) |
| 3:57 | Create | Villager (Male) |
| 4:18 | Create | Villager (Male) |
| 4:22 | Build | Lumber Camp |
| 4:41 | Create | Villager (Male) |
| 5:12 | Create | Villager (Male) |
| 5:53 | Create | Villager (Male) |
| 6:10 | Create | Villager (Male) |
| 7:03 | Research | Feudal Age |
| 7:34 | Build | Barracks |
| 7:50 | Build | Palisade Wall |
| 8:13 | Build | House |
| 8:19 | Build | Palisade Gate |
| 8:21 | Build | House |
| 8:44 | Build | Palisade Wall |
| 9:01 | Create | Villager (Male) |
| 9:10 | Build | House |
| 9:12 | Build | Palisade Wall |
| 9:13 | Age | Feudal Age |
| 9:13 | Build | Palisade Wall |
| 9:18 | Research | Double-Bit Axe |
| 9:19 | Create | Militia |
| 9:19 | Create | Militia |
| 9:19 | Create | Militia |
| 9:24 | Build | Palisade Wall |
| 9:32 | Research | Loom |
| 9:42 | Build | House |
| 10:13 | Build | Palisade Gate |
| 10:25 | Build | Archery Range |
| 10:29 | Build | House |
| 10:30 | Build | Palisade Wall |
| 10:32 | Create | Villager (Male) |
| 10:44 | Build | Palisade Wall |
| 11:09 | Build | Palisade Wall |
| 11:17 | Create | Villager (Male) |
| 11:38 | Create | Archer |
| 11:49 | Build | Farm |
| 11:51 | Create | Eagle Scout |
| 12:03 | Create | Skirmisher |
| 12:09 | Build | House |
| 12:20 | Build | House |
| 12:32 | Create | Archer |
| 12:38 | Build | Lumber Camp |
| 12:47 | Build | Mining Camp |
| 12:52 | Build | Palisade Wall |
| 13:31 | Create | Skirmisher |
| 13:31 | Create | Skirmisher |
| 13:48 | Create | Archer |
| 13:55 | Build | Watch Tower |
| 14:15 | Build | Palisade Wall |
| 14:36 | Build | Mining Camp |
| 14:46 | Create | Archer |
| 14:56 | Build | Farm |
| 15:01 | Build | Farm |
| 15:04 | Create | Archer |
| 15:44 | Create | Skirmisher |
| 16:07 | Build | Farm |
| 16:09 | Build | Farm |
| 16:12 | Create | Skirmisher |
| 16:13 | Create | Archer |
| 16:34 | Build | Farm |
| 16:40 | Create | Skirmisher |
| 16:46 | Build | Farm |
| 16:50 | Build | Farm |
| 16:57 | Build | Farm |
| 17:12 | Build | House |
| 17:27 | Create | Villager (Male) |
| 17:32 | Build | Palisade Wall |
| 17:38 | Build | Blacksmith |
| 17:45 | Create | Skirmisher |
| 17:50 | Create | Villager (Male) |
| 17:58 | Create | Skirmisher |
| 18:13 | Build | Farm |
| 18:26 | Research | Fletching |
| 18:26 | Research | Fletching |
| 18:36 | Create | Skirmisher |
| 18:59 | Create | Skirmisher |
| 19:04 | Create | Eagle Scout |
| 19:17 | Create | Spearman |
| 19:31 | Create | Archer |
| 19:31 | Create | Archer |
| 20:03 | Create | Archer |
| 20:06 | Build | House |
| 20:13 | Create | Villager (Male) |
| 20:15 | Build | House |
| 20:17 | Build | Palisade Wall |
| 20:19 | Research | Padded Archer Armor |
| 20:22 | Create | Archer |
| 20:36 | Create | Villager (Male) |
| 20:41 | Build | Farm |
| 20:57 | Create | Archer |
| 21:08 | Build | Archery Range |
| 21:13 | Create | Villager (Male) |
| 21:18 | Create | Archer |
| 21:29 | Build | Lumber Camp |
| 22:03 | Create | Villager (Male) |
| 22:04 | Create | Archer |
| 22:15 | Create | Archer |
| 22:16 | Create | Spearman |
| 22:21 | Build | Farm |
| 22:21 | Create | Villager (Male) |
| 22:31 | Create | Archer |
| 22:34 | Create | Villager (Male) |
| 22:50 | Create | Spearman |
| 22:56 | Build | Palisade Gate |
| 22:57 | Build | Palisade Wall |
| 23:16 | Build | Watch Tower |
| 23:20 | Build | Farm |
| 23:21 | Create | Villager (Male) |
| 23:25 | Build | Farm |
| 23:26 | Create | Villager (Male) |
| 23:28 | Create | Eagle Scout |
| 23:45 | Create | Skirmisher |
| 24:10 | Create | Archer |
| 24:14 | Create | Spearman |
| 24:14 | Create | Spearman |
| 24:31 | Create | Spearman |
| 24:47 | Create | Archer |
| 24:52 | Create | Spearman |
| 24:58 | Create | Spearman |
| 25:18 | Build | Farm |
| 25:21 | Create | Villager (Male) |
| 25:30 | Create | Archer |
| 25:37 | Build | House |
| 26:05 | Build | Stone Wall |
| 26:06 | Build | Stone Wall |
| 26:08 | Build | Stone Wall |
| 26:10 | Build | Stone Wall |
| 26:13 | Create | Archer |
| 26:17 | Create | Villager (Male) |
| 26:42 | Build | Farm |
| 26:43 | Create | Villager (Male) |
| 26:47 | Create | Eagle Scout |
| 26:58 | Build | Farm |
Match timeline
| 4:48 | Pedro · first_building Barracks |
| 7:34 | Philippvs II · first_building Barracks |
| 7:50 | Philippvs II · wall_segment Palisade Wall x1 |
| 8:44 | Philippvs II · wall_segment Palisade Wall x4 |
| 9:12 | Philippvs II · wall_segment Palisade Wall x11 |
| 9:13 | Philippvs II · age_up feudal |
| 9:13 | Philippvs II · wall_segment Palisade Wall x8 |
| 9:24 | Philippvs II · wall_segment Palisade Wall x1 |
| 10:01 | Pedro · age_up feudal |
| 10:06 | Pedro · first_building Archery Range |
| 10:25 | Philippvs II · first_building Archery Range |
| 10:30 | Philippvs II · wall_segment Palisade Wall x1 |
| 10:44 | Philippvs II · wall_segment Palisade Wall x4 |
| 11:09 | Philippvs II · wall_segment Palisade Wall x10 |
| 12:35 | Pedro · wall_segment Palisade Wall x1 |
| 12:36 | Pedro · wall_segment Palisade Wall x1 |
| 12:52 | Philippvs II · wall_segment Palisade Wall x1 |
| 13:00 | Pedro · wall_segment Palisade Wall x1 |
| 14:15 | Philippvs II · wall_segment Palisade Wall x5 |
| 17:32 | Philippvs II · wall_segment Palisade Wall x1 |
| 20:14 | Pedro · first_market_sell 100 wood |
| 20:16 | Pedro · first_market_buy 100 food |
| 20:17 | Philippvs II · wall_segment Palisade Wall x16 |
| 21:07 | Pedro · first_building Stable |
| 22:56 | Pedro · age_up castle |
| 22:57 | Philippvs II · wall_segment Palisade Wall x1 |
| 23:16 | Pedro · first_building Siege Workshop |
| 26:05 | Philippvs II · wall_segment Stone Wall x1 |
| 26:06 | Philippvs II · wall_segment Stone Wall x1 |
| 26:08 | Philippvs II · wall_segment Stone Wall x1 |
| 26:10 | Philippvs II · wall_segment Stone Wall x1 |
| 31:31 | Philippvs II · age_up castle |
| 31:35 | Philippvs II · first_building Monastery |
| 31:55 | Philippvs II · resign |
[ AI ANALYSIS · 1 CREDIT ]
What really happened in this match?
Wolo.gg analyzes every decision: build order, eco, micro, common mistakes by bracket. Personalized analysis on WhatsApp or Discord in 30 seconds.
Civ guide
Huns
Perfil
Jugador #339375